 Dungeon Crawl Stone Soup version 0.29-a0-961-gfab03dca74 (webtiles) character file.

Game seed: 4198268515873700483

7178 DungeonMaster the Fighter (level 10, -7/83 HPs)
             Began as a Demonspawn Wanderer on July 30, 2022.
             Engulfed by a cloud of steam (15 damage)
             ... on level 8 of the Dungeon.
             The game lasted 00:19:08 (8791 turns).

DungeonMaster the Fighter (Demonspawn Wanderer)     Turns: 8791, Time: 00:19:09

Health: -7/83      AC: 21    Str: 12    XL:     10   Next: 86%
Magic:  10/10      EV: 13    Int: 14    God:
Gold:   1236       SH:  8    Dex: 23    Spells: 9/9 levels left

rFire   . . .      SeeInvis .   a - +7 Throatcutter {drain, coup de grace}
rCold   . . .      Faith    .   C - +1 buckler
rNeg    . . .      Spirit   .   y - +4 scale mail {rPois}
rPois   +          Reflect  .   (helmet restricted)
rElec   .          Harm     .   j - +0 cloak
rCorr   .          Rampage  .   F - +0 pair of gloves
Will    .....                   (no boots)
Stlth   +.........              (no amulet)
HPRegen 0.23/turn               H - +4 ring of protection
MPRegen 0.12/turn               p - +6 ring of dexterity

@: no status effects
A: horns 1, slimy green scales 2, icemail 1, condensation shield
a: no special abilities


You were on level 8 of the Dungeon.
You visited 1 branch of the dungeon, and saw 8 of its levels.
You also visited: Sewer and Bailey.

You collected 1236 gold pieces.

Inventory:

Hand Weapons
 a - the +7 Throatcutter (weapon) {drain, coup de grace}
   (You found it on level 4 of the Dungeon)

   A truly terrible weapon, it drains the life of any living foe it strikes.
   It may instantly kill foes which have little health.
 d - a +2 antimagic short sword
 i - a +3 falchion of freezing
 s - a +2 short sword of venom
 v - a +1 flail of protection
 x - a +3 war axe of pain
 J - the +5 quarterstaff of Evolution {vorpal, rN+ Will+ Int-2}
   (You took it off a gnoll sergeant in a bailey)

   It inflicts extra damage upon your enemies.
   Int:       It affects your intelligence (-2).
   rN:        It protects you from negative energy.
   Will:      It increases your willpower.
 M - a +6 antimagic lajatang
Missiles
 c - 13 boomerangs (quivered)
 o - 44 poisoned darts
 I - 7 throwing nets
Armour
 j - a +0 cloak (worn)
 y - a +4 scale mail of poison resistance (worn)
 C - a +1 buckler (worn)
 F - a +0 pair of gloves (worn)
 K - a +4 ring mail of willpower
 N - +0 acid dragon scales
 O - a +2 leather armour of fire resistance
Jewellery
 n - a ring of willpower
 p - a +6 ring of dexterity (right hand)
 z - a ring of resist corrosion
 D - the ring of the Mage {Wiz Archmagi}
   (You found it on level 5 of the Dungeon)

   [ring of wizardry]

   It improves your spell success rate.
   Archmagi:  It increases the power of your magical spells.
 G - an amulet of the acrobat
 H - a +4 ring of protection (left hand)
Wands
 t - a wand of iceblast (17)
 B - a wand of mindburst (10)
Scrolls
 g - 2 scrolls of immolation
 l - 3 scrolls of poison
 u - 3 scrolls of magic mapping
 w - 2 scrolls of blinking
 A - 2 scrolls of fog
 E - 2 scrolls of enchant weapon
 P - a scroll of identify
Potions
 b - a potion of cancellation
 e - a potion of magic
 f - 6 potions of curing
 h - a potion of brilliance {unknown}
 k - a potion of berserk rage
 m - a potion of haste {unknown}
 q - a potion of heal wounds
 r - 4 potions of flight
Miscellaneous
 L - a condenser vane (inert)


   Skills:
 * Level 9.0 Fighting
 - Level 1.7(2.9) Short Blades
 - Level 3.6(3.8) Long Blades
 - Level 1.7 Throwing
 * Level 7.9 Armour
 * Level 8.0 Dodging
 * Level 6.5 Shields


You had 9 spell levels left.
You didn't know any spells.
Your spell library contained the following spells:

 Spells                   Type           Power      Damage    Failure   Level
 Ensorcelled Hibernation  Hex/Ice        0%         N/A       92%         2
 Passwall                 Tmut/Erth      0%         N/A       92%         2
 Gell's Gravitas          Tloc           0%         N/A       99%         3
 Inner Flame              Hex/Fire       0%         N/A       99%         3
 Lesser Beckoning         Tloc           0%         N/A       99%         3
 Ozocubu's Armour         Ice            0%         N/A       99%         3
 Swiftness                Air            0%         N/A       99%         3
 Teleport Other           Tloc           0%         N/A       99%         3
 Cause Fear               Hex            0%         N/A       100%        4
 Hailstorm                Conj/Ice       0%         3d3       100%        4
 Ice Form                 Ice/Tmut       0%         N/A       100%        4
 Metabolic Englaciation   Hex/Ice        0%         N/A       100%        5
 Simulacrum               Ice/Necr       0%         N/A       100%        6
 Discord                  Hex            0%         N/A       100%        8


Dungeon Overview and Level Annotations

Branches:
Dungeon (8/15)              Sewer (visited)          Bailey (visited)
 Temple: D:4-7         Lair: D:8-11

Altars:
Dithmenos
Fedhas
Makhleb
Nemelex Xobeh
Okawaru
Qazlal
Ru
Wu Jian
Xom
Yredelemnul

Shops:
D:5 (


Innate Abilities, Weirdness & Mutations

You have a pair of small horns on your head.
You are mostly covered in slimy green scales. (AC +3)
A meltable icy envelope protects you from harm. (AC +0)
A meltable shield of frost defends you. (SH +0)


Message History

A nearby plant withers and dies.
The plant is engulfed in a cloud of scalding steam.
The orc warrior hits you with a +0 flail of holy wrath!
You convulse!
You block the orc warrior's attack.
Your Dodging skill increases to level 8!
You hit the steam dragon. You headbutt the steam dragon.
The steam dragon is lightly wounded.
A nearby plant withers and dies.
The steam dragon breathes steam at you. The ball of steam hits you.
The orc warrior hits you with a +0 flail of holy wrath.
You convulse.
You slash the steam dragon!
The steam dragon is heavily wounded.
You are engulfed in a cloud of scalding steam.
The plant is engulfed in a cloud of scalding steam.
The steam dragon closely misses you. You block the steam dragon's attack.
The orc warrior hits you but does no damage.
The steam dragon breathes steam at you.
The ball of steam hits you but does no damage.
You hit the steam dragon but do no damage.
You drain the steam dragon.
You put the steam dragon out of its misery!
You kill the steam dragon!
The steam dragon scales are intact enough to wear.
You are engulfed in a cloud of scalding steam.
The plant is engulfed in a cloud of scalding steam.
A nearby plant withers and dies.
You block the orc warrior's attack.
You hit the orc warrior. You headbutt the orc warrior.
The orc warrior is moderately wounded.
You are engulfed in a cloud of scalding steam.
The orc warrior hits you with a +0 flail of holy wrath!
* * * LOW HITPOINT WARNING * * *
You convulse!
* * * LOW HITPOINT WARNING * * *
The orc warrior closely misses you.
You slash the orc warrior!
The orc warrior is severely wounded.
You are engulfed in a cloud of scalding steam.
You die...

#................
#...........####.
#.........).# ##
###.........# #
#.........# #
###.........# #
####...........#
#...o..........#
#§.@[..........#
##
#.#.†≈≈.....####
.. #..≈≈≈≈≈......
.. #..≈.≈†≈......
.. ##..≈≈≈≈≈P....
.. #.≈≈≈≈≈....##
.. #.).≈≈≈≈...#
.. #..≈)≈≈≈P.##
.. ..


You could see an orc warrior.

Vanquished Creatures
  A two-headed ogre (D:8)
  2 trolls
  Prince Ribbit (D:7)
  Sigmund (D:3)
  A shadow (D:7)
  4 steam dragons
  A vampire mosquito (D:8)
  Edmund (D:4)
  An acid dragon (D:8)
  2 water moccasins (D:8)
  3 black bears
  An orc warrior (D:6)
  3 ice beasts
  4 sky beasts (D:7)
  4 wolves (Bailey)
  An ogre (D:6)
  2 centaurs (D:8)
  A phantom (D:4)
  Blork the orc (D:4)
  A kobold brigand (Sewer)
  3 necrophages
  10 gnoll sergeants
  A scorpion (D:5)
  8 wights
  6 electric eels (D:8)
  A jelly (D:6)
  2 quasits
  3 orc priests
  8 gnoll boudas
  8 hounds
  4 iguanas
  Natasha (D:1)
  4 orc wizards
  5 adders
  20 gnolls
  3 shadow imps (D:5)
  5 white imps
  An ufetubus (D:4)
  2 worms
  A dart slug (D:3)
  28 orcs
  6 ball pythons
  5 bats (D:1)
  8 endoplasms
  6 giant cockroaches
  2 goblins (D:1)
  7 hobgoblins
  5 jackals
  21 kobolds
  8 quokkas
  5 frilled lizards
  5 rats
238 creatures vanquished.

Vanquished Creatures (others)
  2 gnolls (D:8)
  4 demonic plants (D:5)
  24 plants (D:8)
30 creatures vanquished.

Grand Total: 268 creatures vanquished

Notes
Turn   | Place    | Note
-------+----------+-------------------------------------------
     0 | D:1      | DungeonMaster the Demonspawn Wanderer began the quest for
                  | the Orb.
     0 | D:1      | DungeonMaster set off with the following items: a +2
                  | falchion, a +0 short sword, 6 boomerangs, a +0 dagger, a
                  | potion of might, a +0 robe.
     0 | D:1      | Reached XP level 1. HP: 16/16 MP: 1/1
   385 | D:1      | Gained mutation: You have a pair of small horns on your
                  | head. [demonic ancestry]
   385 | D:1      | Reached XP level 2. HP: 23/23 MP: 2/2
   399 | D:1      | Reached skill level 1 in Dodging
  1126 | D:1      | Reached XP level 3. HP: 28/28 MP: 3/3
  1560 | D:2      | Noticed Natasha
  1569 | D:1      | Killed Natasha
  1570 | D:1      | Reached skill level 3 in Fighting
  1570 | D:1      | Reached skill level 1 in Armour
  1657 | D:2      | Reached XP level 4. HP: 35/35 MP: 4/4
  2185 | D:3      | Found a faded altar of an unknown god.
  2387 | D:3      | Found a sacrificial altar of Ru.
  2399 | D:3      | Gained mutation: A meltable shield of frost defends you.
                  | (SH +0) [demonic ancestry]
  2399 | D:3      | Reached XP level 5. HP: 36/41 MP: 5/5
  2451 | D:3      | Found a glowing drain.
  2467 | Sewer    | Entered a sewer
  2718 | D:3      | Found a basalt altar of Yredelemnul.
  3094 | D:3      | Found a sparkling altar of Nemelex Xobeh.
  3129 | D:3      | Noticed Sigmund
  3130 | D:3      | Reached skill level 4 in Fighting
  3143 | D:3      | Killed Sigmund
  3144 | D:3      | Gained mutation: You are partially covered in slimy green
                  | scales. (AC +2) [demonic ancestry]
  3144 | D:3      | Reached XP level 6. HP: 48/49 MP: 6/6
  3223 | D:3      | Found an ornate altar of the Wu Jian Council.
  3694 | D:4      | Found the +7 Throatcutter {drain, coup de grace}
  3840 | D:4      | Noticed Blork the orc
  3841 | D:4      | Noticed Edmund
  3845 | D:4      | Killed Blork the orc
  3846 | D:4      | Reached XP level 7. HP: 53/55 MP: 7/7
  3852 | D:4      | Killed Edmund
  3853 | D:4      | Reached skill level 5 in Fighting
  4013 | D:4      | Found a shadowy altar of Dithmenos.
  4605 | D:5      | Entered Level 5 of the Dungeon
  5051 | D:5      | Found Hex Miex's Weapon Emporium.
  5141 | D:5      | Reached skill level 1 in Shields
  5170 | D:5      | Gained mutation: You are mostly covered in slimy green
                  | scales. (AC +3) [demonic ancestry]
  5170 | D:5      | Reached XP level 8. HP: 58/63 MP: 8/8
  5301 | D:5      | Found the ring of the Mage {Wiz Archmagi}
  5584 | D:6      | Reached skill level 6 in Fighting
  5584 | D:6      | Reached skill level 5 in Dodging
  5737 | D:6      | Reached skill level 5 in Armour
  5956 | D:6      | Found a stormy altar of Qazlal.
  5957 | D:6      | Found a blossoming altar of Fedhas.
  6284 | D:6      | Gained mutation: A meltable icy envelope protects you from
                  | harm. (AC +0) [demonic ancestry]
  6284 | D:6      | Reached XP level 9. HP: 67/71 MP: 9/9
  6535 | D:7      | Noticed Prince Ribbit
  6557 | D:7      | Killed Prince Ribbit
  6558 | D:7      | Reached skill level 7 in Fighting
  6983 | D:7      | Noticed a troll
  6989 | D:7      | Killed a troll
  7027 | D:7      | Found a shimmering altar of Xom.
  7045 | D:7      | Reached skill level 5 in Shields
  7110 | D:7      | You fall into a shaft and drop 1 floor!
  7329 | D:8      | Found a flagged portal.
  7338 | Bailey   | Entered a bailey
  7349 | Bailey   | Reached XP level 10. HP: 80/80 MP: 10/10
  7411 | Bailey   | Reached skill level 8 in Fighting
  7462 | Bailey   | Identified the +5 quarterstaff of Evolution {vorpal, rN+
                  | Will+ Int-2}
  8046 | D:8      | Found a burning altar of Makhleb.
  8047 | D:8      | Noticed a cacodemon
  8673 | D:8      | Found an iron altar of Okawaru.
  8760 | D:8      | Noticed a two-headed ogre
  8764 | D:8      | Killed a two-headed ogre
  8765 | D:8      | Reached skill level 9 in Fighting
  8791 | D:8      | Engulfed by a cloud of steam

Illustrated notes

Levels and vault maps discovered:
D:1:      dpeg_arrival_houses_and_road, layout_basic, minmay_misc_feat_chi
D:2:      layout_rooms, minmay_misc_feat_plants, minmay_pentomino_x2,
          uniq_natasha
D:3:      layout_basic, nicolae_ru_great_annihilating_truth,
          nzn_wu_jian_contemplation, nemelex_altar_shiori, lemuel_crystal_altar,
          gup_sewer_entry_pipe, nicolae_ecumenical_pavilion, uniq_sigmund
D:4:      layout_basic, nicolae_dithmenos_shadow_blocks,
          dilly_guarded_unrand_throatcut, uniq_edmund, uniq_blork_the_orc
D:5:      layout_cave_pools, serial_demonic, serial_demonic_b, serial_demonic_g,
          serial_demonic_a, serial_demonic_d, serial_shops, shop,
          kennysheep_decorative_pillar
D:6:      layout_gridville, grunt_temple_overflow_forces_of_nature
D:7:      layout_basic, palyth_temple_overflow_mages,
          nicolae_hepliaklqana_monster_ancestors, xom_butterflies,
          chei_slow_surprise, minmay_temple_entry_mist, kennysheep_crisscross,
          moated_statue, grunt_ministairs_2, uniq_pikel, uniq_maggie,
          uniq_prince_ribbit1, uniq_crazy_yiuf_cottage
D:8:      layout_basic, makhleb_altar_promises_db, overflow_temple_1_default,
          enter_bailey_2, serial_bayou, serial_bayou_pond_b,
          serial_bayou_lagoon_b, serial_bayou_pond_b, serial_bayou_ford_a

Skill      XL: |  1  2  3  4  5  6  7  8  9 10 |
---------------+-------------------------------+-----
Dodging        | 1 2 3 4 5 6 8 |  8.0
Fighting       | 3 4 5 6 7 9 |  9.0
Armour         | 1 3 4 5 6 7 |  7.9
Shields        | 1 3 5 6 |  6.5
Short Blades   | |  1.7
Long Blades    | |  3.6
Throwing       | |  1.7

Action                   |  1- 3 |  4- 6 |  7- 9 | 10-12 || total
-------------------------+-------+-------+-------+-------++-------
Melee: Falchion          |    70 |   100 |       |       ||   170
       Headbutt          |     6 |    14 |    30 |    29 ||    79
       Dagger            |       |    26 |       |       ||    26
       Punch             |       |     1 |       |       ||     1
       Long sword        |       |     2 |   193 |   130 ||   325
Throw: Boomerang         |     3 |       |     1 |       ||     4
Evoke: Wand              |       |     3 |     4 |    12 ||    19
       Condenser vane    |       |       |       |     1 ||     1
  Use: Scroll            |     4 |     7 |     6 |       ||    17
       Potion            |       |     1 |     2 |     1 ||     4
 Stab: Sleeping          |     1 |       |       |       ||     1
       Invisible         |       |     1 |       |       ||     1
       Paralysed         |       |     1 |       |       ||     1
       Confused          |       |       |       |     2 ||     2
Armor: Robe              |     7 |       |       |       ||     7
       Scale mail        |    25 |    41 |   129 |    88 ||   283
Dodge: Dodged            |    53 |    59 |   103 |   116 ||   331
Block: Other             |       |    10 |     2 |       ||    12
       Buckler           |       |       |   127 |   149 ||   276

Table legend: (Time is in decaauts)
 A = Elapsed time spent in this place.
 B = Non-inter-level travel time spent in this place.
 C = Inter-level travel time spent in this place.
 D = Time resting spent in this place.
 E = Time spent auto-exploring this place.
 F = Levels seen in this place.
 G = Mean time per level.
                   A        B        C        D        E       F      G
               +--------+--------+--------+--------+--------+-----+--------+
         Total |   8934 |   8733 |    201 |   1416 |   5425 |  10 |  893.4 |
       Dungeon |   8048 |   7847 |    201 |   1108 |   5162 |   8 | 1006.0 |
         Sewer |    244 |    244 |      0 |     81 |     92 |   1 |  244.0 |
        Bailey |    642 |    642 |      0 |    227 |    170 |   1 |  642.0 |
               +--------+--------+--------+--------+--------+-----+--------+

Top non-repeatable levels by time:
     D:1: 1578 daAuts
     D:4: 1432 daAuts
     D:8: 1086 daAuts
     D:3: 1047 daAuts
     D:6: 924 daAuts
     D:5: 702 daAuts
     D:7: 662 daAuts
  Bailey: 642 daAuts
     D:2: 614 daAuts
   Sewer: 244 daAuts
